 Dungeon Crawl Stone Soup version 0.20-a0-351-gc9b4002 (webtiles) character file.

107 ThermosAquaticus the Chopper (level 5, -6/41 HPs)
             Began as a Formicid Fighter on Dec 25, 2016.
             Mangled by Crazy Yiuf
             ... wielding a +2 quarterstaff of chaos
              (10 damage)
             ... on level 2 of the Dungeon.
             The game lasted 00:02:37 (1639 turns).

ThermosAquaticus the Chopper (Formicid Fighter)     Turns: 1639, Time: 00:02:38

Health: -6/41      AC:  6    Str: 26    XL:     5   Next: 11%
Magic:  5/5        EV:  8    Int:  8    God:
Gold:   74         SH: 10    Dex: 10    Spells: 4/4 levels left

rFire  . . .     SeeInvis +     a - +0 war axe
rCold  . . .     Gourm    .     b - +0 scale mail
rNeg   . . .     Faith    .     c - +0 shield
rPois  .         Spirit   .     (helmet unavailable)
rElec  .         Reflect  .     (no cloak)
rCorr  .         Harm     .     (no gloves)
MR     .....                    (no boots)
Stlth  ..........               (no amulet)
                                (no ring)
                                (no ring)

@: mighty, lethally poisoned (-6 -> -13)
A: permanent stasis, dig shafts and tunnels, four strong arms, antennae 3
a: Dig, Shaft Self


You were on level 2 of the Dungeon.
You were not hungry.

You visited 1 branch of the dungeon, and saw 2 of its levels.

You collected 74 gold pieces.

Inventory:

Hand Weapons
 a - a +0 war axe (weapon)
 m - a +3 hand axe
Missiles
 e - 20 bolts
Armour
 b - a +0 scale mail (worn)
 c - a +0 shield (worn)
Scrolls
 g - a scroll of random uselessness {unknown}
 n - a scroll of teleportation {unknown}
 o - a scroll of remove curse {unknown}
Potions
 d - a potion of might
 h - a potion of lignification {unknown}
 i - a potion of resistance {unknown}
 j - 2 potions of curing {unknown}
 l - a potion of agility {unknown}
Comestibles
 f - 4 bread rations
 k - 3 fruits
 p - a chunk of flesh


   Skills:
 - Level 3.2 Fighting
 + Level 4.8 Axes
 - Level 3.2 Armour
 - Level 3.6 Shields


You had 4 spell levels left.
You didn't know any spells.

Dungeon Overview and Level Annotations

Branches:
Dungeon (2/15)

Altars:

Annotations:
D:2 Crazy Yiuf


Innate Abilities, Weirdness & Mutations

You cannot be hasted, slowed, berserked, paralysed or teleported.
You can dig through walls and to a lower floor.
Your four strong arms can wield two-handed weapons with a shield.
You have a pair of large antennae on your head. (SInv)


Message History

Ouch! That really hurt!
Crazy Yiuf burns you! You block Crazy Yiuf's attack.
You slash Crazy Yiuf!
Crazy Yiuf is severely wounded.
Crazy Yiuf hits you but does no damage. You block Crazy Yiuf's attack.
You closely miss Crazy Yiuf.
Crazy Yiuf is severely wounded.
You block Crazy Yiuf's attack. x2
Your shield and scale mail prevent you from hitting Crazy Yiuf.
Crazy Yiuf is severely wounded.
You block Crazy Yiuf's attack.
Crazy Yiuf hits you with a quarterstaff of chaos!
* * * LOW HITPOINT WARNING * * *
You are lethally poisoned!
Your shield prevents you from hitting Crazy Yiuf.
Crazy Yiuf is severely wounded.
* * * LOW HITPOINT WARNING * * *
You feel sick.
Crazy Yiuf hits you with a quarterstaff of chaos!
You die...

#.# #.# #.# #.#
#.# #.. ### ###
#########
#........ ###
#####.######
#)..### ##.....#
#...g@####......#
#...##..#......##
### ###.#....##
########


You could see Crazy Yiuf (berserk).

Vanquished Creatures
  5 adders (D:2)
  A gnoll (D:1)
  An ooze (D:1)
  3 worms (D:2)
  A leopard gecko (D:1)
  4 bats
  5 goblins
  2 hobgoblins (D:1)
  5 jackals (D:1)
  8 kobolds
  6 rats
41 creatures vanquished.

Notes
Turn   | Place    | Note
-------+----------+-------------------------------------------
     0 | D:1      | ThermosAquaticus the Formicid Fighter began the quest for the Orb.
     0 | D:1      | Reached XP level 1. HP: 18/18 MP: 1/1
    34 | D:1      | Reached XP level 2. HP: 21/24 MP: 2/2
   251 | D:1      | Reached skill level 3 in Axes
   518 | D:1      | Reached XP level 3. HP: 27/29 MP: 3/3
  1007 | D:2      | Reached skill level 4 in Axes
  1007 | D:2      | Reached XP level 4. HP: 24/35 MP: 4/4
  1533 | D:2      | Reached XP level 5. HP: 41/41 MP: 5/5
  1626 | D:2      | Found a runed door.
  1630 | D:2      | Noticed Crazy Yiuf
  1639 | D:2      | Mangled by Crazy Yiuf

Vault maps used:
D:1:      evilmike_arrival_plus
D:2:      hangedman_abyss_or_decor_stabs, uniq_crazy_yiuf_cottage

Skill      XL: |  1  2  3 |
---------------+----------+-----
Axes           | 3 4 |  4.8
Fighting       | |  3.2
Armour         | |  3.2
Shields        | |  3.6

Action                   |  1- 3 |  4- 6 || total
-------------------------+-------+-------++-------
Melee: War axe           |    92 |    46 ||   138
  Use: Potion            |       |     1 ||     1
  Eat: Chunk             |       |     3 ||     3
Armor: Scale mail        |    54 |     8 ||    62
Dodge: Dodged            |    25 |    11 ||    36
Block: Shield            |    47 |    26 ||    73
